 Dungeon Crawl Stone Soup version 0.22-a0-525-gf69a080 (webtiles) character file.

69479 kae the Fencer (level 14, -3/127 HPs)
             Began as a Minotaur Fighter on June 20, 2018.
             Was the Champion of Makhleb.
             Slain by a hog (8 damage)
             ... led by Kirke
             ... while paralysed by a sphinx
             ... on level 13 of the Dungeon.
             The game lasted 00:18:17 (18063 turns).

kae the Fencer (Minotaur Fighter)                  Turns: 18063, Time: 00:18:19

Health: -3/127     AC:  0    Str: 23    XL:     14   Next: 90%
Magic:  21/21      EV:  3    Int:  7    God:    Makhleb [******]
Gold:   2478       SH:  0    Dex: 11    Spells: 13/13 levels left

rFire    . . .     SeeInvis .   (weapon currently unavailable)
rCold    . . .     Gourm    .   (shield currently unavailable)
rNeg     . . .     Faith    .   (armour currently unavailable)
rPois    .         Spirit   .   (helmet currently unavailable)
rElec    .         Reflect  .   (cloak currently unavailable)
rCorr    .         Harm     .   (gloves currently unavailable)
MR       +....                  (boots currently unavailable)
Stlth    +.........             L - amulet of regeneration
HPRegen  0.71/turn              (ring currently unavailable)
MPRegen  0.17/turn              (ring currently unavailable)

@: confused, paralysed, pig-form, very quick
A: small, (retaliatory headbutt)
a: Minor Destruction, Lesser Servant of Makhleb, Major Destruction, Greater
Servant of Makhleb, Renounce Religion


You were on level 13 of the Dungeon.
You worshipped Makhleb.
Makhleb was exalted by your worship.
You were hungry.
You were a filthy swine.
You visited 4 branches of the dungeon, and saw 22 of its levels.
You also visited: Sewer, Ossuary and Ice Cave.

You collected 3049 gold pieces.
You spent 571 gold pieces at shops.

Inventory:

Hand Weapons
 a - a +1 long sword of flaming
 r - a +0 falchion
 u - the +8 long sword "Etooxkur" (melded) {flame, rElec MP+9}
   (You found it on level 3 of the Dungeon)

   It has been specially enchanted to burn those struck by it, causing extra
   injury to most foes and up to half again as much damage against particularly
   susceptible opponents.
   Big, fiery blades are also staple armaments of hydra-hunters.
   It insulates you from electricity.
   It affects your magic capacity (+9).
Armour
 c - a +0 shield (melded)
 j - the +2 pair of boots of Raqusuem (melded) {rPois}
   (You acquired it on level 9 of the Dungeon)

   It protects you from poison.
 s - a +0 pair of boots
 G - a +2 hat (melded)
 J - the +10 plate armour "Getoan" (melded) {Int+4}
   (You found it on level 2 of the Lair of Beasts)

   It affects your intelligence (+4).
 S - a +1 pair of gloves (melded)
 Y - a +1 cloak (melded)
Jewellery
 y - a +6 ring of protection (melded)
 I - an uncursed ring of poison resistance
 K - a +2 ring of dexterity (melded)
 L - an amulet of regeneration (around neck)
 N - an uncursed amulet of rage
 R - an uncursed ring of protection from cold
Wands
 g - a wand of enslavement (27)
 q - a wand of flame (28)
 x - a wand of acid (18)
 M - a wand of iceblast (15)
 P - a wand of random effects (65)
 Q - a wand of polymorph (12)
 T - a wand of scattershot (4)
 U - a wand of paralysis (14)
 W - a wand of disintegration (16)
Scrolls
 b - 2 scrolls of enchant armour
 e - a scroll of enchant weapon
 h - 17 scrolls of remove curse
 i - 9 scrolls of teleportation
 k - 5 scrolls of magic mapping
 l - 2 scrolls of fog
 n - 6 scrolls of blinking
 o - 10 scrolls of identify
 z - 9 scrolls of amnesia
 O - a scroll of silence
Potions
 d - 3 potions of might
 m - 11 potions of heal wounds
 p - a potion of invisibility {unknown}
 t - 8 potions of curing
 v - 5 potions of flight
 w - 2 potions of haste
 B - 2 potions of magic
 C - 3 potions of cancellation
 D - 13 potions of lignification
 E - 3 potions of mutation
 F - a potion of agility
 H - 3 potions of brilliance
 V - 2 potions of berserk rage {unknown}
Comestibles
 f - 41 rations


   Skills:
 + Level 12.4 Fighting
 * Level 16.4 Long Blades
 + Level 12.4 Armour
 + Level 11.1 Dodging
 + Level 12.0 Shields
 + Level 10.8 Invocations


You had 13 spell levels left.
You didn't know any spells.
Your spell library contained the following spells:

 Spells                   Type           Power        Failure   Level  Hunger
 Apportation              Tloc           #.....       43%         1    ##.....
 Conjure Flame            Conj/Fire      #.......     80%         3    ####...
 Lightning Bolt           Conj/Air       #.........   100%        5    ######.
 Invisibility             Hex            #.......     100%        6    #######
 Throw Flame              Conj/Fire      #.....       56%         2    ###....
 Freezing Cloud           Conj/Ice/Air   #.........   100%        6    #######
 Mephitic Cloud           Conj/Pois/Air  #.......     80%         3    ####...
 Ring of Flames           Chrm/Fire      #.........   100%        7    #######
 Animate Skeleton         Necr           N/A          43%         1    ##.....
 Tukima's Dance           Hex            #.......     80%         3    ####...
 Iron Shot                Conj/Erth      #.........   100%        6    #######
 Shock                    Conj/Air       #...         43%         1    ##.....
 Swiftness                Chrm/Air       #.......     56%         2    ###....
 Airstrike                Air            #.........   99%         4    #####..
 Summon Butterflies       Summ           #.......     43%         1    ##.....
 Static Discharge         Conj/Air       #.......     80%         3    ####...
 Alistair's Intoxication  Tmut/Pois      #.......     100%        5    ######.
 Fulminant Prism          Conj/Hex       #.........   99%         4    #####..
 Lesser Beckoning         Tloc           #.........   80%         3    ####...
 Poisonous Vapours        Pois/Air       #.....       56%         2    ###....


Dungeon Overview and Level Annotations

Branches:
Dungeon (13/15)            Temple (1/1) D:7            Lair (6/6) D:10
 Shoals (0/4) Lair:4        Snake (0/4) Lair:4        Slime (0/5) Lair:6
    Orc (2/2) D:9             Elf (0/3) Orc:2
 Vaults: D:13-14

Altars:
Ashenzari
Cheibriados
Dithmenos
Elyvilon
Fedhas
Gozag
Hepliaklqana
Kikubaaqudgha
Makhleb
Nemelex Xobeh
Okawaru
Qazlal
Ru
Sif Muna
Trog
Uskayaw
Vehumet
Wu Jian
Xom
Yredelemnul
Zin
The Shining One
Beogh
Jiyva

Shops:
D:7 *   D:11 [%   Orc:2 [*!?}

Portals:
Hell: Lair:6

Annotations:
D:13 Kirke
Lair:2 exclusion: 2 oklob plants
Lair:4 exclusion: oklob plant


Innate Abilities, Weirdness & Mutations

((You reflexively headbutt those who attack you in melee.))
((You have a pair of horns on your head.))


Message History

Your +2 ring of dexterity melds into your body.
Your +6 ring of protection melds into your body.
The +8 long sword "Etooxkur" {flame, rElec MP+9} stops flaming.
You feel clumsy.
The sphinx mumbles some strange words.
You are confused.
You bump into the rock wall.
The hog closely misses you. x3
The sphinx mumbles some strange words.
You suddenly lose the ability to move!
Kirke casts a spell at you.
You struggle to resist.
The hog bites you! The hog bites you. The hog bites you. The hog bites you!
The sphinx completely misses you. The sphinx hits you. The sphinx hits you!
The hog bites you. Kirke hits you!!
* * * LOW HITPOINT WARNING * * *
The hog bites you!
* * * LOW HITPOINT WARNING * * *
The hog bites you!
* * * LOW HITPOINT WARNING * * *
The hog bites you!
You die...

.........#......
.........#.....
.........#....#
.........#....########
.........###'###.....#
....#'####...........#
....#....'†..........#
....#....#†.....hH...#
....#...##....##hhh..#
....#...##....##h@...#
....#.........##OH...#
†(..#.........#......#
....#.........#......#
....##+###....#......#
....# #....#....%.#
....# #....##.....#
....#


You could see Kirke, a sphinx, a two-headed ogre, a manticore and 4 hogs.

Vanquished Creatures
  An ettin (Orc:2)
  Snorg (D:11)
  6 hydras
  2 ice dragons (IceCv)
  Harold (Lair:3)
  A catoblepas (Lair:6)
  2 centaur warriors (D:13)
  2 two-headed ogres
  The ghost of Zinlufut the Thaumaturge, a journeyman DEFE of Vehumet (Lair:2)
  A sun demon (Lair:6)
  2 unseen horrors
  8 orc knights
  A wizard (Lair:6)
  2 ugly things
  A cyclops (D:13)
  An orc sorcerer (Orc:2)
  9 elephants
  A merfolk siren (Lair:4)
  2 ice statues (IceCv)
  Maurice (Orc:2)
  A centaur zombie (D:13)
  5 black mambas
  Psyche (D:11)
  10 spiny frogs
  A centaur skeleton (D:10)
  6 komodo dragons
  A kobold demonologist (D:12)
  4 rime drakes
  A hellwing (Lair:6)
  5 ice devils (Lair:6)
  9 trolls
  A queen bee (Lair:2)
  A merfolk (Lair:4)
  Grinder (D:4)
  14 blink frogs
  5 dream sheep (Lair:5)
  2 slime creatures (D:12)
  15 hippogriffs
  The ghost of TheNamelessOne the Insei, an amateur OpTm (D:4)
  A centaur simulacrum (D:12)
  A wraith (D:11)
  5 hogs
  37 yaks
  2 wyverns
  A human (D:7)
  A hungry ghost (D:12)
  7 wargs (Orc:2)
  4 hell hounds (Lair:6)
  8 porcupines
  Duvessa (D:5)
  9 water moccasins
  38 orc warriors
  A hornet zombie (D:8)
  3 sky beasts
  3 black bears
  17 ice beasts
  9 centaurs
  13 wolves
  7 ogres
  18 crocodiles
  3 big kobolds
  17 bullfrogs
  An elf zombie (Ossuary)
  A water moccasin zombie (D:10)
  A wyvern zombie (D:10)
  Dowan (D:5)
  A hornet simulacrum (D:12)
  3 scorpions
  33 killer bees
  3 electric eels
  5 howler monkeys
  7 crimson imps
  11 hounds
  2 quasits
  A bullfrog zombie (D:7)
  11 orc priests
  5 jellies
  Crazy Yiuf (D:4)
  5 bullfrog skeletons
  A human zombie (Ossuary)
  21 orc wizards
  3 iguanas
  9 worker ants
  6 hell rats (Lair:5)
  A big kobold zombie (Ossuary)
  A hound zombie (Ossuary)
  4 mummies (Ossuary)
  2 howler monkey skeletons
  4 gnolls (Orc:2)
  22 adders
  A river rat (D:4)
  4 shadow imps
  15 oozes
  6 worms
  A dart slug (D:1)
  5 leopard geckos
  82 orcs
  6 giant cockroaches
  7 hobgoblins
  9 jackals
  36 kobolds
  3 quokkas
  7 ball pythons
  5 bats
  2 frilled lizards
  7 goblins
  2 goblin zombies (Ossuary)
  2 kobold zombies (Ossuary)
  2 leopard gecko zombies
  2 orc zombies (Ossuary)
  A quokka skeleton (D:7)
  10 rats
  2 rat zombies (Ossuary)
719 creatures vanquished.

Vanquished Creatures (collateral kills)
  A dire elephant (Lair:6)
  An orc knight (Orc:2)
  2 slime creatures (D:12)
  An elephant (Lair:6)
  A rime drake (Lair:6)
  2 blink frogs (Lair:2)
  A hell hound (Lair:6)
  A water moccasin (Lair:6)
  An orc warrior (Orc:2)
  2 porcupines (Lair:2)
  2 crocodiles (Lair:6)
  5 killer bees (Lair:2)
  3 orcs (Orc:2)
  A plant (Lair:2)
24 creatures vanquished.

Vanquished Creatures (others)
  6 fungi
  4 plants
  8 toadstools (D:3)
  A withered plant (D:4)
19 creatures vanquished.

Grand Total: 762 creatures vanquished

Notes
Turn   | Place    | Note
-------+----------+-------------------------------------------
     0 | D:1      | kae the Minotaur Fighter began the quest for the Orb.
     0 | D:1      | Reached XP level 1. HP: 19/19 MP: 0/0
    92 | D:1      | Reached XP level 2. HP: 27/27 MP: 1/1
   119 | D:1      | Reached skill level 3 in Long Blades
   247 | D:1      | Reached skill level 1 in Dodging
   483 | D:2      | Reached XP level 3. HP: 33/33 MP: 2/2
   851 | D:2      | Reached XP level 4. HP: 33/40 MP: 3/3
   883 | D:2      | Found a faded altar of an unknown god.
   883 | D:2      | Found a faded altar of an unknown god.
   888 | D:2      | Found a stormy altar of Qazlal.
   890 | D:2      | Found a sacrificial altar of Ru.
   891 | D:2      | Found a deep blue altar of Sif Muna.
  1188 | D:3      | Reached skill level 4 in Long Blades
  1276 | D:3      | Found a hazy altar of Hepliaklqana.
  1577 | D:3      | Reached XP level 5. HP: 42/47 MP: 4/4
  1884 | D:3      | Reached skill level 5 in Long Blades
  2001 | D:3      | Got a pitted long sword
  2002 | D:3      | Identified the +8 long sword "Etooxkur" {flame, rElec MP+9} (You found it on level 3 of the Dungeon)
  2139 | D:4      | Reached XP level 6. HP: 55/55 MP: 5/5
  2152 | D:4      | Found a glowing drain.
  2170 | Sewer    | Entered a sewer
  2252 | Sewer    | Reached skill level 5 in Fighting
  2311 | Sewer    | Reached skill level 5 in Armour
  2458 | D:4      | Noticed Grinder
  2620 | D:4      | Found an ornate altar of the Wu Jian Council.
  2653 | D:4      | Found a shadowy altar of Dithmenos.
  2699 | D:4      | Killed Grinder
  2699 | D:4      | Reached skill level 6 in Long Blades
  2699 | D:4      | Reached XP level 7. HP: 61/61 MP: 6/6
  2919 | D:4      | Found a runed door.
  2920 | D:4      | Noticed TheNamelessOne's ghost (amateur OpTm)
  3071 | D:4      | Found a runed door.
  3380 | D:4      | Killed TheNamelessOne's ghost
  3444 | D:4      | Noticed Crazy Yiuf
  3447 | D:4      | Killed Crazy Yiuf
  3501 | D:5      | Entered Level 5 of the Dungeon
  3509 | D:5      | Found a sand-covered staircase.
  3530 | D:5      | Reached skill level 7 in Long Blades
  3530 | D:5      | Reached skill level 5 in Shields
  3530 | D:5      | Reached XP level 8. HP: 70/70 MP: 7/7
  3550 | Ossuary  | Entered an ossuary
  4385 | D:5      | Noticed Duvessa
  4385 | D:5      | Noticed Dowan
  4395 | D:5      | Killed Duvessa
  4400 | D:5      | Killed Dowan
  4487 | D:6      | Reached skill level 8 in Long Blades
  4627 | D:6      | Reached skill level 5 in Dodging
  4993 | D:7      | Reached XP level 9. HP: 66/78 MP: 8/8
  5020 | D:7      | Reached skill level 9 in Long Blades
  5222 | D:7      | Found a staircase to the Ecumenical Temple.
  5246 | Temple   | Entered the Ecumenical Temple
  5292 | Temple   | Became a worshipper of Makhleb the Destroyer
  5368 | D:7      | Found an iron altar of Okawaru.
  5614 | D:7      | Found Ytomomua's Assorted Antiques.
  5618 | D:7      | Bought a silvery potion for 27 gold pieces
  5618 | D:7      | Bought a silvery potion for 27 gold pieces
  5618 | D:7      | Bought a scroll of identify for 60 gold pieces
  5618 | D:7      | Bought a blackened tourmaline ring for 150 gold pieces
  5712 | D:8      | Found an opulent altar of Gozag.
  5712 | D:8      | Found a sparkling altar of Nemelex Xobeh.
  5717 | D:8      | Reached skill level 10 in Long Blades
  5842 | D:8      | Reached * piety under Makhleb
  6159 | D:9      | Reached XP level 10. HP: 88/88 MP: 9/9
  6216 | D:9      | Found a staircase to the Orcish Mines.
  6236 | D:9      | Found a hide-covered altar of Uskayaw.
  6262 | D:9      | Reached skill level 1 in Invocations
  6487 | D:9      | Found a blossoming altar of Fedhas.
  6870 | D:10     | Entered Level 10 of the Dungeon
  6881 | D:10     | Reached ** piety under Makhleb
  6938 | D:10     | Reached skill level 11 in Long Blades
  7056 | D:10     | Found a staircase to the Lair.
  7084 | D:10     | Killed an unseen horror
  7412 | D:10     | Reached XP level 11. HP: 97/97 MP: 13/13
  7724 | Lair:1   | Entered Level 1 of the Lair of Beasts
  7724 | Lair:1   | Noticed a six-headed hydra
  7732 | Lair:1   | Killed a one-headed hydra
  7809 | Lair:1   | Reached skill level 5 in Invocations
  8041 | Lair:1   | Reached skill level 12 in Long Blades
  8125 | Lair:1   | Noticed a seven-headed hydra
  8132 | Lair:1   | Killed a three-headed hydra
  8132 | Lair:1   | Reached *** piety under Makhleb
  8846 | Lair:2   | Identified Nakussoc's Grimoire of Blows and Bruises and Sinister Rites
  8912 | Lair:2   | Found a runed door.
  8914 | Lair:2   | Noticed Zinlufut's ghost (journeyman DEFE)
  8965 | Lair:2   | Reached XP level 12. HP: 104/106 MP: 16/16
  9000 | Lair:2   | Reached skill level 13 in Long Blades
  9004 | Lair:2   | Reached skill level 10 in Fighting
  9046 | Lair:2   | Reached skill level 10 in Armour
  9125 | Lair:2   | Got a distressingly furry plate armour
  9136 | Lair:2   | Identified the +10 plate armour "Getoan" {Int+4} (You found it on level 2 of the Lair of Beasts)
  9221 | Lair:2   | Noticed a five-headed hydra
  9228 | Lair:2   | Killed a one-headed hydra
  9269 | Lair:2   | Reached **** piety under Makhleb
  9298 | Lair:2   | Noticed a five-headed hydra
  9312 | Lair:2   | Killed a one-headed hydra
  9682 | Lair:2   | Killed Zinlufut's ghost
  9947 | Lair:3   | Noticed a four-headed hydra
  9951 | Lair:3   | Killed a one-headed hydra
 10036 | Lair:3   | Noticed Harold
 10044 | Lair:3   | Killed Harold
 10316 | Lair:3   | Found a frozen archway.
 10346 | IceCv    | Entered an ice cave
 10356 | IceCv    | Reached skill level 10 in Shields
 11060 | IceCv    | Noticed an ice dragon
 11064 | IceCv    | Noticed an ice dragon
 11070 | IceCv    | Killed an ice dragon
 11070 | IceCv    | Reached skill level 14 in Long Blades
 11076 | IceCv    | Killed an ice dragon
 11421 | Lair:4   | Reached XP level 13. HP: 114/114 MP: 18/18
 11430 | Lair:4   | Found a staircase to the Snake Pit.
 11629 | Lair:4   | Found a staircase to the Shoals.
 12514 | Lair:5   | Reached ***** piety under Makhleb
 13082 | Lair:6   | Entered Level 6 of the Lair of Beasts
 13082 | Lair:6   | Found a viscous altar of Jiyva.
 13083 | Lair:6   | Found a staircase to the Slime Pits.
 13479 | Lair:6   | Reached skill level 15 in Long Blades
 13489 | Lair:6   | Noticed a dire elephant
 13503 | Lair:6   | Killed a dire elephant
 13503 | Lair:6   | Reached skill level 10 in Dodging
 13571 | Lair:6   | Reached skill level 10 in Invocations
 13573 | Lair:6   | Found a burning altar of Makhleb.
 13933 | Lair:6   | Found a gateway to Hell.
 13942 | Lair:6   | Reached XP level 14. HP: 125/125 MP: 20/20
 14587 | D:11     | Found Rageumoq's Antique Armour Emporium.
 14600 | D:11     | Bought a pair of embroidered gloves for 307 gold pieces
 14731 | D:11     | Noticed Psyche
 14740 | D:11     | Killed Psyche
 14784 | D:11     | Noticed Snorg
 14801 | D:11     | Killed Snorg
 15025 | D:11     | Found Romu Qej's Food Emporium.
 15403 | D:12     | Reached ****** piety under Makhleb
 15978 | Orc:1    | Entered Level 1 of the Orcish Mines
 16109 | Orc:2    | Entered Level 2 of the Orcish Mines
 16245 | Orc:2    | Found Fafuraumn's Gadget Shoppe.
 16245 | Orc:2    | Found Ysurof's Magic Scroll Shop.
 16504 | Orc:2    | Found a roughly hewn altar of Beogh.
 16522 | Orc:2    | Reached skill level 16 in Long Blades
 16597 | Orc:2    | Found Nezadgh's Distillery.
 16793 | Orc:2    | Noticed Maurice
 16800 | Orc:2    | Killed Maurice
 16823 | Orc:2    | Found a staircase to the Elven Halls.
 16924 | Orc:2    | Found Onahuelu's General Store.
 16924 | Orc:2    | Found Edixuen's Armour Shop.
 17648 | D:9      | Identified a scroll of acquirement
 17649 | D:9      | Got a pair of slimy boots
 17660 | D:9      | Identified the +2 pair of boots of Raqusuem {rPois} (You acquired it on level 9 of the Dungeon)
 18040 | D:13     | Noticed Kirke
 18047 | D:13     | Noticed a sphinx
 18054 | D:13     | Paralysed by a sphinx for 2 turns
 18061 | D:13     | Paralysed by a sphinx for 6 turns
 18063 | D:13     | HP: 5/127 [hog[Kirke] (7)]
 18063 | D:13     | Slain by a hog

Vault maps used:
D:1:      minmay_arrival_loop
D:2:      chequers_temple_overflow_minitemple
D:3:      cheibrodos_fertilizer, lemuel_doored_altar
D:4:      grunt_dithmenos_shadows, nicolae_overflow_hidden_temple, first_ration,
          portal_sewer_entry_c, gammafunk_ghost_grave, uniq_crazy_yiuf_cottage,
          uniq_grinder
D:5:      enter_ossuary_1, serial_bayou_pond_c, grunt_decor_cap, uniq_duvessa
D:6:      serial_glass, glass_columns_c, glass_columns_b
D:7:      minmay_temple_entry_nine_rooms, serial_shops, shop, grunt_livestock,
          okawaru_ov_weapons_minmay
D:8:      grunt_temple_overflow_opulence
D:9:      lemuel_round_altar, nicolae_overflow_crystal_walls, orc_0_dummy
D:10:     erik_lair_island, kennysheep_generic_room_13
D:11:     serial_shops, shop, kennysheep_mini_moat, uniq_snorg, uniq_psyche
D:12:     hex_large
D:13:     grunt_gozag_breadcrumbs, uniq_kirke
Temple:   minmay_temple_bridge_abc
Lair:2:   ebering_ghost_inner_flame, nicolae_lair_grove_arrangements,
          hibernation_bobbens, grunt_megastairs_5, minmay_lair_oklob_chamber,
          serial_bayou_shore_a
Lair:3:   portal_ice_cave_entry_pillars_1, grunt_megastairs_4,
          lemuel_fruit_tree, uniq_harold
Lair:4:   elwin_shoals_entry_rooms, minmay_snake_entry_six_corridors
Lair:6:   evil_forest, slime_altar_1, st_stairs_10
Orc:2:    st_orc_town, serial_shops, shop, uniq_maurice
Sewer:    sewer_co_15_rooms
Ossuary:  ossuary_minmay_tomb_2a
IceCv:    ice_cave_small_dragons

Skill      XL: |  1  2  3  4  5  6  7  8  9 10 11 12 13 14 |
---------------+-------------------------------------------+-----
Long Blades    | 3 4 5 6 7 8 10 11 12 14 15 16 | 16.4
Dodging        | 1 2 3 4 5 6 7 8 9 10 11 | 11.1
Fighting       | 4 5 6 8 9 10 11 12 | 12.4
Armour         | 4 5 6 8 9 10 11 12 | 12.4
Shields        | 4 5 6 7 8 9 10 11 12 | 12.0
Invocations    | 4 6 8 10 | 10.8

Action                   |  1- 3 |  4- 6 |  7- 9 | 10-12 | 13-15 || total
-------------------------+-------+-------+-------+-------+-------++-------
Melee: Long sword        |    72 |   151 |   208 |   549 |  1070 ||  2050
       Headbutt          |     9 |    31 |    49 |   123 |   245 ||   457
       Falchion          |       |    36 |       |       |       ||    36
Invok: Lesser Servant of |       |       |       |     7 |     7 ||    14
  Use: Scroll            |       |       |    21 |     6 |     3 ||    30
       Potion            |       |       |       |     1 |       ||     1
 Stab: Distracted        |       |       |       |     1 |     2 ||     3
  Eat: Chunk             |       |     6 |    11 |    18 |    20 ||    55
       Ration            |       |       |       |       |     1 ||     1
Armor: Scale mail        |    33 |    73 |    73 |   168 |       ||   347
       Plate armour      |       |       |       |    74 |   484 ||   558
Dodge: Dodged            |    28 |    74 |    65 |   190 |   346 ||   703
Block: Shield            |    39 |    82 |    88 |   294 |   562 ||  1065
       Rpst.: Long sword |     8 |    16 |    15 |    48 |    69 ||   156
       Falchion          |       |     7 |       |       |       ||     7

Table legend:
 A = Spawn XP
 B = Non-spawn XP
 C = Spawn XP percentage of total XP
 D = Spawn monster count
 E = Non-spawn monster count
 F = Spawn count percentage of total count
 G = Total turns spent on level
                    A         B        C        D         E        F      G
               +---------+---------+-------+---------+---------+-------+---------
         Total |       0 |   99256 |   0.0 |       0 |     742 |   0.0 | 18063
               +---------+---------+-------+---------+---------+-------+---------
           D:1 |       0 |      36 |   0.0 |       0 |      18 |   0.0 |   450
           D:2 |       0 |      83 |   0.0 |       0 |      14 |   0.0 |   732
           D:3 |       0 |     247 |   0.0 |       0 |      54 |   0.0 |   928
           D:4 |       0 |     862 |   0.0 |       0 |      21 |   0.0 |  1146
           D:5 |       0 |     441 |   0.0 |       0 |       7 |   0.0 |   750
           D:6 |       0 |     774 |   0.0 |       0 |      15 |   0.0 |   513
           D:7 |       0 |    1777 |   0.0 |       0 |      31 |   0.0 |   601
           D:8 |       0 |     931 |   0.0 |       0 |      14 |   0.0 |   472
           D:9 |       0 |    1310 |   0.0 |       0 |      23 |   0.0 |   818
          D:10 |       0 |    4717 |   0.0 |       0 |      46 |   0.0 |   882
          D:11 |       0 |    4322 |   0.0 |       0 |      40 |   0.0 |   810
          D:12 |       0 |    5591 |   0.0 |       0 |      31 |   0.0 |   657
          D:13 |       0 |    7538 |   0.0 |       0 |      39 |   0.0 |   297
        Lair:1 |       0 |    4667 |   0.0 |       0 |      13 |   0.0 |   820
        Lair:2 |       0 |   13351 |   0.0 |       0 |      66 |   0.0 |  1441
        Lair:3 |       0 |    3200 |   0.0 |       0 |      11 |   0.0 |   634
        Lair:4 |       0 |    3298 |   0.0 |       0 |      24 |   0.0 |   909
        Lair:5 |       0 |    5439 |   0.0 |       0 |      31 |   0.0 |   805
        Lair:6 |       0 |   18622 |   0.0 |       0 |      62 |   0.0 |  1342
         Orc:1 |       0 |    2449 |   0.0 |       0 |      17 |   0.0 |   553
         Orc:2 |       0 |   13983 |   0.0 |       0 |     108 |   0.0 |  1115
         Sewer |       0 |      76 |   0.0 |       0 |      21 |   0.0 |   245
       Ossuary |       0 |     257 |   0.0 |       0 |      16 |   0.0 |   226
         IceCv |       0 |    5285 |   0.0 |       0 |      20 |   0.0 |   849
               +---------+---------+-------+---------+---------+-------+---------
